 Seeded DCSS version 0.29-a0-397-g846e4a0bbc (webtiles) character file.

Game seed: 3853640191977401903 (custom seed)

4 oldmanjim the Bolt Thrower (level 1, -1/13 HPs)
             Began as a Gargoyle Hunter on May 11, 2022.
             Slain by a gnoll
             ... wielding a +0 club
              (7 damage)
             ... on level 1 of the Dungeon.
             The game lasted 00:00:52 (116 turns).

oldmanjim the Bolt Thrower (Gargoyle Hunter)         Turns: 116, Time: 00:00:53

Health: -1/13      AC:  5    Str: 14    XL:     1   Next: 60%
Magic:  1/1        EV: 11    Int:  9    God:
Gold:   24         SH:  0    Dex: 13    Spells: 0/0 levels left

rFire   . . .      SeeInvis .   a - +1 hand crossbow
rCold   . . .      Faith    .   (no shield)
rNeg    + . .      Spirit   .   b - +0 leather armour
rPois   ∞          Reflect  .   (no helmet)
rElec   +          Harm     .   (no cloak)
rCorr   .          Rampage  .   (no gloves)
Will    .....                   (no boots)
Stlth   +.........              (no amulet)
HPRegen 0.04/turn               (no ring)
MPRegen 0.07/turn               (no ring)

@: no status effects
A: sickness immunity, AC +2, negative energy resistance 1, electricity
resistance, torment resistance 1, petrification resistance
a: no special abilities


You were on level 1 of the Dungeon.
You visited 1 branch of the dungeon, and saw 1 of its levels.

You collected 24 gold pieces.

Inventory:

Hand Weapons
 a - a +1 hand crossbow (weapon)
Armour
 b - a +0 leather armour (worn)
Scrolls
 c - a scroll of immolation
 d - 3 scrolls of teleportation {unknown}
 e - a scroll of amnesia {unknown}


   Skills:
 + Level 2.4 Fighting
 + Level 4.1 Crossbows
 - Level 1.5 Dodging
 - Level 1.1 Stealth


You couldn't memorise any spells.
You didn't know any spells.
Your spell library was empty.

Dungeon Overview and Level Annotations

Branches:
Dungeon (1/15)

Altars:


Innate Abilities, Weirdness & Mutations

You are immune to sickness and miasma.
Your stone body is resilient. (AC +2)
You are immune to poison.
You resist negative energy. (rN+)
You are resistant to electric shocks. (rElec)
You are resistant to unholy torment.
You are immune to petrification.


Message History

a +0 short sword; a kobold corpse An endoplasm comes into view.
Found a scroll labelled WIKLIOLOKK.
You shoot a bolt. The bolt hits the endoplasm.
The endoplasm quivers.
The endoplasm is almost dead.
You shoot a bolt. The bolt hits the endoplasm!
You kill the endoplasm!
You now have 8 gold pieces.
Found a faded altar of an unknown god.
You now have 24 gold pieces (gained 16).
A giant cockroach and a rat come into view.
You shoot a bolt. The bolt hits the rat.
You kill the rat!
You shoot a bolt. The bolt hits the giant cockroach.
You kill the giant cockroach!
d - 3 scrolls labelled SERAALURRU
e - a scroll labelled WIKLIOLOKK A gnoll comes into view.
It is wielding a +0 club.
The gnoll shouts!
You hear a shout!
A kobold comes into view. It is wielding a +0 short sword.
The gnoll moves out of view.
You hear a shout!
You see here a scroll labelled SULOOFOXOBO.
You shoot a bolt. The bolt closely misses the kobold.
You hear a shout!
You shoot a bolt. The bolt hits the gnoll.
The gnoll is lightly wounded.
You shoot a bolt. The bolt closely misses the kobold.
The kobold misses you.
You shoot a bolt. The bolt closely misses the kobold.
The kobold hits you with a +0 short sword.
You shoot a bolt. The bolt hits the gnoll.
The gnoll is moderately wounded.
The kobold hits you with a +0 short sword.
The gnoll hits you but does no damage.
You shoot a bolt. The bolt barely misses the gnoll.
The kobold hits you but does no damage. The gnoll hits you with a +0 club.
The gnoll hits you with a +0 club!
Ouch! That really hurt!
You die...

... ####.# # ... ....
#..##.##..# ..#...#..#
...._....# .#...#..####
#.##.##.##<.###
.###$#####.......###...#
.....$g@.#........###...
.####.K#...#####..##....
##.##.## #..#..... #.
#.#######.#>#### ..
#.........### #
..##.......#...####
..####........###..#..
.....................#
#####.†.......######..


You could see a gnoll and a kobold.

Vanquished Creatures
  An endoplasm (D:1)
  A giant cockroach (D:1)
  A kobold (D:1)
  A rat (D:1)
4 creatures vanquished.

Notes
Turn   | Place    | Note
-------+----------+-------------------------------------------
     0 | D:1      | oldmanjim the Gargoyle Hunter began the quest for the Orb.
     0 | D:1      | Reached XP level 1. HP: 12/12 MP: 1/1
    79 | D:1      | Found a faded altar of an unknown god.
   116 | D:1      | Slain by a gnoll

Illustrated notes

Levels and vault maps discovered:
D:1:      minmay_arrival_jagged, layout_rooms, serial_bayou,
          serial_bayou_pond_b, serial_bayou_pond_c, serial_bayou_lake_a,
          serial_bayou_ford_a, ebering_ecumenical_altar_box,
          minmay_close_crescents

Action                   || total
-------------------------++-------
 Fire: Hand crossbow     ||    12
Armor: Leather armour    ||     2
Dodge: Dodged            ||     1

Table legend: (Time is in decaauts)
 A = Elapsed time spent in this place.
 B = Non-inter-level travel time spent in this place.
 C = Inter-level travel time spent in this place.
 D = Time resting spent in this place.
 E = Time spent auto-exploring this place.
 F = Levels seen in this place.
 G = Mean time per level.
                   A        B        C        D        E       F      G
               +--------+--------+--------+--------+--------+-----+--------+
         Total |    121 |    121 |      0 |      0 |     97 |   1 |  121.0 |
       Dungeon |    121 |    121 |      0 |      0 |     97 |   1 |  121.0 |
               +--------+--------+--------+--------+--------+-----+--------+

Top non-repeatable levels by time:
     D:1: 121 daAuts
